| TOP OF THE 1ST |
|
Rice University Owls batting - Pitching for University of Arizona Wildcats : LHP Grisha Bakhovtsev
|
|
Pitching: LHP Grisha Bakhovtsev
|
|
|
Batting: RHB Caleb Mercer
|
0-0: Ball 1-0: Foul Ball, location: 2F 1-1: Swinging Strike 1-2: Ball 2-2: Ground out 3-1 (Groundball, 34, EV 81.9 MPH)
|
|
Batting: SHB Wendel van Baal
|
0-0: Ball 1-0: Ball 2-0: Called Strike 2-1: Ground out 6-3 (Groundball, 6, EV 80.0 MPH)
|
|
Batting: SHB Ken Wilson
|
0-0: Called Strike 0-1: Fly out, F8 (Flyball, 89M, EV 91.2 MPH)
|
| Top of the 1st over - 0 runs, 0 hits, 0 errors, 0 left on base; Rice University 0 - University of Arizona 0 |
| BOTTOM OF THE 1ST |
|
University of Arizona Wildcats batting - Pitching for Rice University Owls : LHP Jose Ruiz
|
|
Pitching: LHP Jose Ruiz
|
|
|
Batting: LHB Jere Paatelainen
|
0-0: Ball 1-0: Ball 2-0: Ground out 4-3 (Groundball, 34D, EV 98.8 MPH)
|
|
Batting: RHB Eddy Amaya
|
0-0: Ball 1-0: Ball 2-0: Called Strike 2-1: Fly out, F8 (Line Drive, 8RM, EV 108.1 MPH)
|
|
Batting: LHB Pascal Noël
|
0-0: Fly out, F8 (Flyball, 8LS, EV 78.1 MPH)
|
| Bottom of the 1st over - 0 runs, 0 hits, 0 errors, 0 left on base; Rice University 0 - University of Arizona 0 |
| TOP OF THE 2ND |
|
Rice University Owls batting - Pitching for University of Arizona Wildcats : LHP Grisha Bakhovtsev
|
|
Batting: SHB Dave Van Sickle
|
0-0: Foul Ball, location: 2F 0-1: Ball 1-1: Ball 2-1: Ball 3-1: Fly out, F7 (Flyball, 7D, EV 105.0 MPH)
|
|
Batting: RHB Neil Worth
|
0-0: Ball 1-0: Called Strike 1-1: Swinging Strike 1-2: Ball 2-2: Strikes out swinging
|
|
Batting: SHB Steve Wipf
|
0-0: SINGLE (Groundball, 4S, EV 70.6 MPH) (infield hit)
|
|
Batting: RHB Javier Quinones
|
0-0: Ball 1-0: Foul Ball, location: 2F 1-1: Called Strike 1-2: Strikes out swinging, 2-3 out at first.
|
| Top of the 2nd over - 0 runs, 1 hit, 0 errors, 1 left on base; Rice University 0 - University of Arizona 0 |
| BOTTOM OF THE 2ND |
|
University of Arizona Wildcats batting - Pitching for Rice University Owls : LHP Jose Ruiz
|
|
Batting: LHB Andrew Davis
|
0-0: Ball 1-0: SINGLE (Groundball, 56D, EV 105.0 MPH)
|
|
Batting: RHB Larry Harlow
|
0-0: Fly out, F7 (Flyball, 7, EV 91.9 MPH)
|
|
Batting: LHB Lihau Keawe
|
0-0: Fielders Choice at 2nd, 6-4 (Groundball, 6, EV 87.5 MPH)
|
|
Batting: RHB Carlos Maravilla
|
0-0: Ball 1-0: Foul Ball, location: 2F 1-1: Ground out 4-3 (Groundball, 4, EV 85.6 MPH)
|
| Bottom of the 2nd over - 0 runs, 1 hit, 0 errors, 1 left on base; Rice University 0 - University of Arizona 0 |
| TOP OF THE 3RD |
|
Rice University Owls batting - Pitching for University of Arizona Wildcats : LHP Grisha Bakhovtsev
|
|
Batting: RHB Alex Alvarez
|
0-0: Ball 1-0: Ball 2-0: Ball 3-0: Base on Balls
|
|
Batting: RHB Emanuel Pulido
|
0-0: Ball Wild Pitch! Alex Alvarez to second 1-0: Ground out 4-3 (Groundball, 4, EV 101.9 MPH) Alex Alvarez to third
|
|
Batting: RHB Caleb Mercer
|
0-0: Foul Ball, location: 2F 0-1: Fly out, F8 (Flyball, 8LD, EV 90.0 MPH) Runner from 3rd tags up, SCORES, throw by CF
|
|
Batting: SHB Wendel van Baal
|
0-0: Fly out, F7 (Line Drive, 7D, EV 103.8 MPH)
|
| Top of the 3rd over - 1 run, 0 hits, 0 errors, 0 left on base; Rice University 1 - University of Arizona 0 |
| BOTTOM OF THE 3RD |
|
University of Arizona Wildcats batting - Pitching for Rice University Owls : LHP Jose Ruiz
|
|
Batting: LHB Mark Harris
|
0-0: Ball 1-0: Called Strike 1-1: Ball 2-1: Ground out U3 (Groundball, 3S, EV 66.2 MPH)
|
|
Batting: RHB Gustavo Rodriguez
|
0-0: Ball 1-0: Ball 2-0: Called Strike 2-1: Foul Ball, location: 2F 2-2: Ball 3-2: Strikes out swinging
|
|
Batting: LHB Jere Paatelainen
|
0-0: Ground out 6-3 (Groundball, 6, EV 81.9 MPH)
|
| Bottom of the 3rd over - 0 runs, 0 hits, 0 errors, 0 left on base; Rice University 1 - University of Arizona 0 |
| TOP OF THE 4TH |
|
Rice University Owls batting - Pitching for University of Arizona Wildcats : LHP Grisha Bakhovtsev
|
|
Batting: SHB Ken Wilson
|
0-0: Ball 1-0: Ball 2-0: Foul Ball, location: 2F 2-1: Fly out, F8 (Flyball, 8LM, EV 88.1 MPH)
|
|
Batting: SHB Dave Van Sickle
|
0-0: Ball 1-0: Called Strike 1-1: Fly out, F4 (Popup, 4D, EV 45.0 MPH)
|
|
Batting: RHB Neil Worth
|
0-0: Swinging Strike 0-1: SINGLE (Groundball, 25, EV 81.2 MPH) (infield hit)
|
|
Batting: SHB Steve Wipf
|
0-0: Fly out, F7 (Flyball, 78D, EV 105.0 MPH)
|
| Top of the 4th over - 0 runs, 1 hit, 0 errors, 1 left on base; Rice University 1 - University of Arizona 0 |
| BOTTOM OF THE 4TH |
|
University of Arizona Wildcats batting - Pitching for Rice University Owls : LHP Jose Ruiz
|
|
Batting: RHB Eddy Amaya
|
0-0: Ball 1-0: Ball 2-0: Foul Ball, location: 2F 2-1: Ball 3-1: Ground out 6-3 (Groundball, 6M, EV 83.8 MPH)
|
|
Batting: LHB Pascal Noël
|
0-0: Foul Ball, location: 2F 0-1: Ball 1-1: Swinging Strike 1-2: Foul Ball, location: 2F 1-2: Fly out, F6 (Line Drive, 6, EV 71.2 MPH)
|
|
Batting: LHB Andrew Davis
|
0-0: Called Strike 0-1: Ball 1-1: Swinging Strike 1-2: Strikes out swinging
|
| Bottom of the 4th over - 0 runs, 0 hits, 0 errors, 0 left on base; Rice University 1 - University of Arizona 0 |
| TOP OF THE 5TH |
|
Rice University Owls batting - Pitching for University of Arizona Wildcats : LHP Grisha Bakhovtsev
|
|
Batting: RHB Javier Quinones
|
0-0: Called Strike 0-1: Ball 1-1: Swinging Strike 1-2: SINGLE (Groundball, 6M, EV 88.1 MPH) (infield hit)
|
|
Batting: RHB Alex Alvarez
|
0-0: Swinging Strike 0-1: SINGLE (Groundball, 6, EV 99.4 MPH) Javier Quinones to second
|
|
Batting: RHB Emanuel Pulido
|
0-0: Called Strike 0-1: Swinging Strike 0-2: Ball 1-2: Ball 2-2: Strikes out looking
|
|
Batting: RHB Caleb Mercer
|
0-0: Ball 1-0: Ball Wild Pitch! Javier Quinones to third Alex Alvarez to second 2-0: Called Strike 2-1: Ball 3-1: Foul Ball, location: 2F 3-2: SINGLE (Flyball, 9LS, EV 85.6 MPH) Javier Quinones scores Alex Alvarez to third Runner from 3rd tries for Home, SAFE, throw by RF to home
|
|
Batting: SHB Wendel van Baal
|
0-0: Ball 1-0: Ball 2-0: Ball 3-0: Base on Balls Caleb Mercer to second
|
|
Batting: SHB Ken Wilson
|
0-0: Ball 1-0: Called Strike 1-1: Foul Ball, location: 2F 1-2: Ball 2-2: Strikes out swinging
|
|
Batting: SHB Dave Van Sickle
|
0-0: Called Strike 0-1: Ball 1-1: Ball 2-1: Fly out, F7 (Flyball, 7D, EV 101.9 MPH)
|
| Top of the 5th over - 2 runs, 3 hits, 0 errors, 2 left on base; Rice University 3 - University of Arizona 0 |
| BOTTOM OF THE 5TH |
|
University of Arizona Wildcats batting - Pitching for Rice University Owls : LHP Jose Ruiz
|
|
Batting: RHB Larry Harlow
|
0-0: Called Strike 0-1: Ball 1-1: Ground out 6-3 (Groundball, 6, EV 88.1 MPH)
|
|
Batting: LHB Lihau Keawe
|
0-0: Called Strike 0-1: Called Strike 0-2: Ball 1-2: Ground out 5-3 (Groundball, 56S, EV 85.6 MPH)
|
|
Batting: RHB Carlos Maravilla
|
0-0: Ball 1-0: Ball 2-0: Called Strike 2-1: Ball 3-1: Base on Balls
|
|
Batting: LHB Mark Harris
|
0-0: Ball 1-0: Foul Ball, location: 2F 1-1: Swinging Strike 1-2: Ball 2-2: Fly out, F5 (Popup, 25, EV 87.5 MPH)
|
| Bottom of the 5th over - 0 runs, 0 hits, 0 errors, 1 left on base; Rice University 3 - University of Arizona 0 |
| TOP OF THE 6TH |
|
Rice University Owls batting - Pitching for University of Arizona Wildcats : LHP Grisha Bakhovtsev
|
|
Batting: RHB Neil Worth
|
0-0: Ground out 4-3 (Groundball, 34, EV 106.2 MPH)
|
|
Batting: SHB Steve Wipf
|
0-0: Swinging Strike 0-1: Foul Ball, location: 2F 0-2: Strikes out swinging
|
|
Batting: RHB Javier Quinones
|
0-0: Called Strike 0-1: Ball 1-1: Ball 2-1: Swinging Strike 2-2: Ground out 5-3 (Groundball, 56, EV 108.8 MPH)
|
| Top of the 6th over - 0 runs, 0 hits, 0 errors, 0 left on base; Rice University 3 - University of Arizona 0 |
| BOTTOM OF THE 6TH |
|
University of Arizona Wildcats batting - Pitching for Rice University Owls : LHP Jose Ruiz
|
|
Batting: RHB Gustavo Rodriguez
|
0-0: Ball 1-0: Ball 2-0: Called Strike 2-1: Ball 3-1: Foul Ball, location: 2F 3-2: Fly out, F9 (Flyball, 9, EV 86.9 MPH)
|
|
Batting: LHB Jere Paatelainen
|
0-0: Ground out 4-3 (Groundball, 34D, EV 110.0 MPH)
|
|
Batting: RHB Eddy Amaya
|
0-0: Swinging Strike 0-1: Ball 1-1: Ground out 5-3 (Groundball, 5, EV 89.4 MPH)
|
| Bottom of the 6th over - 0 runs, 0 hits, 0 errors, 0 left on base; Rice University 3 - University of Arizona 0 |
| TOP OF THE 7TH |
|
Rice University Owls batting - Pitching for University of Arizona Wildcats : LHP Grisha Bakhovtsev
|
|
Pitching: LHP Matt Waterbury
|
|
|
Batting: RHB Alex Alvarez
|
0-0: Ball 1-0: Ground out 5-3 (Groundball, 56, EV 84.4 MPH)
|
|
Batting: RHB Emanuel Pulido
|
0-0: Called Strike 0-1: Ball 1-1: Fly out, F8 (Flyball, 89D, EV 98.1 MPH)
|
|
Batting: RHB Caleb Mercer
|
0-0: Ball 1-0: Foul Ball, location: 2F 1-1: SINGLE (Line Drive, 8LS, EV 105.0 MPH)
|
|
Batting: SHB Wendel van Baal
|
0-0: Ball 1-0: Ball 2-0: Ball Wild Pitch! Caleb Mercer to second 3-0: Base on Balls
|
|
Batting: SHB Ken Wilson
|
0-0: Called Strike 0-1: Ball 1-1: Foul Ball, location: 2F 1-2: Fly out, F8 (Flyball, 8RM, EV 76.9 MPH)
|
| Top of the 7th over - 0 runs, 1 hit, 0 errors, 2 left on base; Rice University 3 - University of Arizona 0 |
| BOTTOM OF THE 7TH |
|
University of Arizona Wildcats batting - Pitching for Rice University Owls : LHP Jose Ruiz
|
|
Batting: LHB Pascal Noël
|
0-0: Ground out U3 (Groundball, 34, EV 101.2 MPH)
|
|
Batting: LHB Andrew Davis
|
0-0: Foul Ball, location: 2F 0-1: Called Strike 0-2: Ground out 6-3 (Groundball, 6, EV 84.4 MPH)
|
|
Batting: RHB Larry Harlow
|
0-0: SOLO HOME RUN (Flyball, 7D, EV 111.2 MPH), Distance : 408 ft
|
|
Batting: LHB Lihau Keawe
|
0-0: Foul Ball, location: 2F 0-1: Swinging Strike 0-2: Strikes out looking
|
| Bottom of the 7th over - 1 run, 1 hit, 0 errors, 0 left on base; Rice University 3 - University of Arizona 1 |
| TOP OF THE 8TH |
|
Rice University Owls batting - Pitching for University of Arizona Wildcats : LHP Matt Waterbury
|
|
Pitching: LHP Lance Freake
|
|
|
Batting: SHB Dave Van Sickle
|
0-0: Called Strike 0-1: Called Strike 0-2: Ball 1-2: Foul Ball, location: 2F 1-2: Strikes out swinging
|
|
Batting: RHB Neil Worth
|
0-0: Swinging Strike 0-1: Foul Ball, location: 2F 0-2: Foul Ball, location: 2F 0-2: Ball 1-2: Strikes out swinging
|
|
Batting: SHB Steve Wipf
|
0-0: Called Strike 0-1: Ball 1-1: Fly out, F8 (Flyball, 89M, EV 85.6 MPH)
|
| Top of the 8th over - 0 runs, 0 hits, 0 errors, 0 left on base; Rice University 3 - University of Arizona 1 |
| BOTTOM OF THE 8TH |
|
University of Arizona Wildcats batting - Pitching for Rice University Owls : LHP Jose Ruiz
|
|
Batting: RHB Carlos Maravilla
|
0-0: Ground out 5-3 (Groundball, 56, EV 108.8 MPH)
|
|
Batting: LHB Mark Harris
|
0-0: Ball 1-0: Called Strike 1-1: Called Strike 1-2: Ball 2-2: Strikes out swinging
|
|
Batting: RHB Gustavo Rodriguez
|
0-0: Called Strike 0-1: Foul Ball, location: 2F 0-2: Ball 1-2: SINGLE (Groundball, 4MD, EV 98.8 MPH)
|
|
Batting: LHB Jere Paatelainen
|
0-0: Ground out 4-3 (Groundball, 4, EV 82.5 MPH)
|
| Bottom of the 8th over - 0 runs, 1 hit, 0 errors, 1 left on base; Rice University 3 - University of Arizona 1 |
| TOP OF THE 9TH |
|
Rice University Owls batting - Pitching for University of Arizona Wildcats : LHP Lance Freake
|
|
Pitching: RHP Chris Obloy
|
|
|
Batting: RHB Javier Quinones
|
0-0: Swinging Strike 0-1: Ground out 5-3 (Groundball, 56, EV 85.6 MPH)
|
|
Batting: RHB Alex Alvarez
|
0-0: Ball 1-0: SINGLE (Groundball, 56D, EV 106.2 MPH)
|
|
Batting: RHB Emanuel Pulido
|
0-0: 2-RUN HOME RUN (Flyball, 78XD, EV 108.1 MPH), Distance : 390 ft
|
|
Batting: RHB Caleb Mercer
|
0-0: Called Strike 0-1: Ball 1-1: Swinging Strike 1-2: Strikes out looking
|
|
Batting: SHB Wendel van Baal
|
0-0: Ball 1-0: Ball 2-0: Swinging Strike 2-1: Foul Ball, location: 2F 2-2: SINGLE (Line Drive, 8RS, EV 110.0 MPH)
|
|
Pitching: LHP Victor Silva
|
|
|
Batting: SHB Ken Wilson
|
0-0: Foul Ball, location: 2F 0-1: Ball 1-1: Ball 2-1: Ball 3-1: Fly out, F8 (Line Drive, 8RD, EV 96.9 MPH)
|
| Top of the 9th over - 2 runs, 3 hits, 0 errors, 1 left on base; Rice University 5 - University of Arizona 1 |
| BOTTOM OF THE 9TH |
|
University of Arizona Wildcats batting - Pitching for Rice University Owls : LHP Jose Ruiz
|
|
Batting: RHB Eddy Amaya
|
0-0: Ball 1-0: Called Strike 1-1: Ground out 6-3 (Groundball, 6MS, EV 84.4 MPH)
|
|
Batting: LHB Pascal Noël
|
0-0: Ball 1-0: Foul Ball, location: 2F 1-1: Ground out 4-3 (Groundball, 34, EV 83.1 MPH)
|
|
Batting: LHB Andrew Davis
|
0-0: Called Strike 0-1: Ball 1-1: SINGLE (Line Drive, 89S, EV 109.4 MPH)
|
|
Batting: RHB Larry Harlow
|
0-0: Ball 1-0: Foul Ball, location: 2F 1-1: Ball 2-1: Fly out, F5 (Popup, 56S, EV 68.1 MPH)
|
| Bottom of the 9th over - 0 runs, 1 hit, 0 errors, 1 left on base; Rice University 5 - University of Arizona 1 |
|